 Dungeon Crawl Stone Soup version 0.31-a0-431-g88bdf31460 (webtiles) character file.

Game seed: 3078815985456154329

410 randomguy2701 the Chopper (level 6, -3/53 HPs)
             Began as a Minotaur Fighter on July 31, 2023.
             Slain by a +2 spectral club (5 damage)
             ... created by Ijyb
             ... on level 3 of the Dungeon.
             The game lasted 00:01:56 (2423 turns).

randomguy2701 the Chopper (Minotaur Fighter)        Turns: 2423, Time: 00:01:57

Health: -3/53      AC:  7    Str: 20    XL:     6   Next: 58%
Magic:  5/5        EV:  9    Int:  5    God:
Gold:   196        SH:  5    Dex: 12    Spells: 5/5 levels left

rFire   . . .        a - +0 war axe
rCold   . . .        c - +0 buckler
rNeg    . . .        b - +0 scale mail
rPois   .            (helmet restricted)
rElec   .            (no cloak)
rCorr   .            (no gloves)
SInv    .            (no boots)
Will    .....        (no amulet) Stlth
                     (no ring)
HPRegen 0.28/turn    (no ring)
MPRegen 0.09/turn

%: no passive effects
@: no status effects
A: horns 2, retaliatory headbutt
a: no special abilities


You were on level 3 of the Dungeon.
You visited 1 branch of the dungeon, and saw 3 of its levels.

You collected 196 gold pieces.

Inventory:

Hand Weapons
 a - a +0 war axe (weapon)
Armour
 b - a +0 scale mail (worn)
 c - a +0 buckler (worn)
Wands
 o - a wand of paralysis (15)
Scrolls
 e - 3 scrolls of identify {unknown}
 i - a scroll of vulnerability {unknown}
 j - a scroll of amnesia {unknown}
 l - a scroll of fear {unknown}
 n - a scroll of teleportation {unknown}
Potions
 d - 2 potions of might
 f - 2 potions of cancellation {unknown}
 g - a potion of mutation {unknown}
 h - 2 potions of curing {unknown}
 k - 3 potions of haste {unknown}
 m - a potion of degeneration {unknown}
 p - a potion of lignification {unknown}


   Skills:
 + Level 4.7 Fighting
 + Level 6.1 Axes
 + Level 5.1 Armour
 + Level 1.3 Dodging
 + Level 0.2 Stealth
 + Level 4.6 Shields


You had 5 spell levels left.
You didn't know any spells.
Your spell library contained the following spells:

 Spells                   Type           Power      Damage    Failure   Level
 Apportation              Tloc           0%         N/A       87%         1
 Necrotise                Necr           0%         1d4       87%         1
 Summon Small Mammal      Summ           0%         N/A       87%         1


Dungeon Overview and Level Annotations

Branches:
Dungeon (3/15)

Altars:
Fedhas

Shops:
D:3 (?:

Annotations:
D:3 Ijyb


Innate Abilities, Weirdness & Mutations

You have a pair of horns on your head.
You reflexively headbutt those who attack you in melee.


Message History

Ijyb hits you but does no damage. The +2 spectral club hits you!
You barely miss Ijyb. Your headbutt misses Ijyb. You miss the +2 spectral club.
Ijyb closely misses you.
The +2 spectral club closely misses you.
You furiously retaliate!
You headbutt the +2 spectral club, but do no damage.
You closely miss Ijyb. You headbutt Ijyb, but do no damage.
You hit the +2 spectral club.
Ijyb shares her spectral weapon's damage!
Ijyb zaps a wand.
You barely resist. You barely miss the +2 spectral club.
Your headbutt misses the +2 spectral club.
The +2 spectral club is moderately damaged.
You hit Ijyb but do no damage.
The +2 spectral club disappears.
Ijyb barely misses you. You furiously retaliate!
You headbutt Ijyb.
The +2 spectral club hits you but does no damage.
A +2 spectral club comes into view.
You closely miss Ijyb. You headbutt Ijyb.
Ijyb is heavily wounded.
You hit the +2 spectral club but do no damage.
Ijyb hits you but does no damage. The +2 spectral club hits you.
You slash Ijyb! Your headbutt misses Ijyb.
Ijyb is severely wounded.
You hit the +2 spectral club.
Ijyb shares her spectral weapon's damage!
The +2 spectral club completely misses you.
Ijyb hits you with a +2 spectral club. The +2 spectral club hits you.
Ijyb hits you with a +2 spectral club. The +2 spectral club hits you.
You hit Ijyb but do no damage.
Ijyb is almost dead.
You closely miss the +2 spectral club.
Ijyb zaps a wand.
Your mind is blasted!
* * * LOW HITPOINT WARNING * * *
You completely miss Ijyb.
Ijyb is almost dead.
You hit the +2 spectral club.
Ijyb shares her spectral weapon's damage!
The +2 spectral club disappears.
Ijyb hits you with a +2 spectral club.
* * * LOW HITPOINT WARNING * * *
The +2 spectral club hits you.
You die...

#.########
#.......#
#######.#
#[#
#######.#
........#
######..#
#..# #.@#
#(g# #...
#...#
.....
#######


You could see a +2 spectral club (wandering) and Ijyb.

Vanquished Creatures
  An ice beast (D:3)
  A scorpion (D:3)
  A hound (D:3)
  Terence (D:2)
  An orc wizard (D:3)
  Robin (D:2)
  4 adders
  4 gnolls (D:3)
  A worm (D:3)
  3 dart slugs
  4 orcs (D:3)
  7 ball pythons
  4 bats
  6 endoplasms
  2 giant cockroaches
  9 goblins
  8 hobgoblins
  3 jackals (D:1)
  7 kobolds
  6 quokkas
  6 frilled lizards
  4 rats
84 creatures vanquished.

Notes
Turn   | Place    | Note
-------+----------+-------------------------------------------
     0 | D:1      | randomguy2701 the Minotaur Fighter began the quest for the
                  | Orb.
     0 | D:1      | Reached XP level 1. HP: 19/19 MP: 0/0
   128 | D:1      | Reached XP level 2. HP: 27/27 MP: 1/1
   483 | D:1      | Reached XP level 3. HP: 31/33 MP: 2/2
   835 | D:2      | Noticed Terence
   843 | D:2      | Killed Terence
   844 | D:2      | Reached skill level 3 in Axes
   844 | D:2      | Reached XP level 4. HP: 25/40 MP: 3/3
   939 | D:2      | Found a faded altar of an unknown god.
  1169 | D:2      | Noticed Robin
  1180 | D:2      | Killed Robin
  1654 | D:3      | Reached skill level 1 in Dodging
  1702 | D:3      | Noticed a scorpion
  1707 | D:3      | Killed a scorpion
  1708 | D:3      | Reached skill level 4 in Axes
  1708 | D:3      | Reached XP level 5. HP: 47/47 MP: 4/4
  1802 | D:3      | Found Dockel's Book Shop.
  1972 | D:3      | Reached skill level 5 in Axes
  2051 | D:3      | Reached skill level 5 in Armour
  2055 | D:3      | Reached XP level 6. HP: 53/53 MP: 5/5
  2076 | D:3      | Found Xickox's Weapon Shop.
  2092 | D:3      | Found a blossoming altar of Fedhas.
  2098 | D:3      | Noticed an ice beast
  2109 | D:3      | Killed an ice beast
  2186 | D:3      | Found Jix Odoudgh's Magic Scroll Boutique.
  2226 | D:3      | Reached skill level 6 in Axes
  2412 | D:3      | Noticed Ijyb
  2423 | D:3      | HP: 2/53 [Ijyb/+2 spectral club (5)]
  2423 | D:3      | Slain by a +2 spectral club

Illustrated notes

Levels and vault maps discovered:
D:1:      noname_arrival_rooms_in_the_neighbourhood, layout_loops_ring,
          kennysheep_nondescript
D:2:      layout_loops_ring, serial_forest, infiniplex_forest_clump_small,
          infiniplex_forest_clump_tiny, infiniplex_forest_lined_3,
          infiniplex_forest_straight_4, infiniplex_forest_clump_C,
          shapermc_ecumenical_altar_venn, kennysheep_flooded_box, minivault_11,
          minivault_27, uniq_terence, uniq_robin
D:3:      layout_basic, overflow_temple_1_default,
          mainiacjoe_overflow_surrounded_room, serial_shops, shop,
          nicolae_diamond_shop, shop, shop, uniq_ijyb

Skill      XL: |  1  2  3  4  5  6 |
---------------+-------------------+-----
Armour         | 4 5 |  5.1
Shields        | 4 |  4.6
Fighting       | 4 |  4.7
Axes           | 3 4 5 6 |  6.1
Dodging        | 1 |  1.3
Stealth        | |  0.2

Action                     |  1- 3 |  4- 6 || total
---------------------------+-------+-------++-------
  Melee: War axe           |    65 |   117 ||   182
         Headbutt          |    11 |    13 ||    24
   Stab: Distracted        |       |     1 ||     1
 Armour: Scale mail        |    27 |    55 ||    82
  Dodge: Dodged            |    23 |    58 ||    81
  Block: Buckler           |    15 |    23 ||    38

Table legend: (Time is in decaauts)
 A = Elapsed time spent in this place.
 B = Non-inter-level travel time spent in this place.
 C = Inter-level travel time spent in this place.
 D = Time resting spent in this place.
 E = Time spent auto-exploring this place.
 F = Levels seen in this place.
 G = Mean time per level.
                   A        B        C        D        E       F      G
               +--------+--------+--------+--------+--------+-----+--------+
         Total |   2483 |   2428 |     55 |      0 |   1985 |   3 |  827.7 |
       Dungeon |   2483 |   2428 |     55 |      0 |   1985 |   3 |  827.7 |
               +--------+--------+--------+--------+--------+-----+--------+

Top non-repeatable levels by time:
     D:3: 837 daAuts
     D:1: 825 daAuts
     D:2: 820 daAuts
